 Dungeon Sprint DCSS version 0.30.1-9-gdf580d7c3d (webtiles) character file.

Game seed: 14038386876393133333

371 Heoruswealwe the Spear-Bearer (level 6, -10/63 HPs)
             Began as a Minotaur Fighter on Oct 5, 2023.
             Mangled by a two-headed ogre
             ... wielding a +0 giant spiked club
              (25 damage)
             ... in the Dungeon (Sprint IX: "|||||||||||||||||||||||||||||").
             The game lasted 00:01:00 (142 turns).

Heoruswealwe the Spear-Bearer (Minotaur Fighter)     Turns: 142, Time: 00:01:01

Health: -10/63     AC:  8    Str: 22    XL:     6   Next: 42%
Magic:  5/5        EV:  9    Int:  5    God:
Gold:   0          SH:  4    Dex: 10    Spells: 5/5 levels left

rFire   . . .        a - +0 trident
rCold   . . .        d - +0 buckler
rNeg    . . .        c - +0 scale mail
rPois   .            (helmet restricted)
rElec   .            (no cloak)
rCorr   .            (no gloves)
SInv    .            (no boots)
Will    .....        (no amulet) Stlth
                     (no ring)
HPRegen 0.30/turn    (no ring)
MPRegen 0.09/turn

%: no teleportation
@: no status effects
A: horns 2, retaliatory headbutt
a: no special abilities


You were in the Dungeon.
You visited 1 branch

Inventory:

Hand Weapons
 a - a +0 trident (weapon)
Armour
 c - a +0 scale mail (worn)
 d - a +0 buckler (worn)
Jewellery
 m - a +3 ring of dexterity
 n - a +3 ring of intelligence
Wands
 l - a wand of acid (10)
Scrolls
 j - 2 scrolls of blinking
 k - 2 scrolls of amnesia
Potions
 b - a potion of might
 e - a potion of invisibility
 f - 3 potions of heal wounds
 g - a potion of haste
 h - 4 potions of curing
 i - a potion of berserk rage


   Skills:
 + Level 9.1 Fighting
 * Level 11.9 Polearms
 + Level 9.1 Armour
 - Level 3.6 Shields


You had 5 spell levels left.
You didn't know any spells.
Your spell library was empty.

Dungeon Overview and Level Annotations

Branches:
Dungeon (1/1)

Altars:
Cheibriados
Dithmenos
Elyvilon
Fedhas
Gozag
Hepliaklqana
Kikubaaqudgha
Makhleb
Nemelex Xobeh
Okawaru
Qazlal
Ru
Sif Muna
Trog
Uskayaw
Vehumet
Wu Jian
Xom
Yredelemnul
Zin
The Shining One
Jiyva
Lugonu


Innate Abilities, Weirdness & Mutations

You have a pair of horns on your head.
You reflexively headbutt those who attack you in melee.


Message History

The yak gores you but does no damage.
You barely miss the yak.
The yak is lightly wounded.
You completely miss the yak. Your headbutt misses the yak.
The yak is lightly wounded.
The yak closely misses you.
You closely miss the yak.
The yak is lightly wounded.
The yak closely misses you.
You hit the yak. You headbutt the yak.
The yak is moderately wounded.
The yak closely misses you.
You barely miss the yak.
The yak is moderately wounded.
The yak barely misses you.
You hit the yak. Your headbutt misses the yak.
The yak is heavily wounded.
You hit the yak.
The yak is heavily wounded.
You block the yak's attack.
You closely miss the yak.
The yak is heavily wounded.
The yak closely misses you.
You puncture the yak!
The yak is severely wounded.
The yak closely misses you. You furiously retaliate!
You headbutt the yak. You puncture the yak! You headbutt the yak.
You kill the yak!
Your Fighting skill increases to level 9!
Your Polearms skill increases to level 11!
Your Armour skill increases to level 9!
You have reached level 6!
You barely miss the two-headed ogre.
Your headbutt misses the two-headed ogre.
You hit the two-headed ogre.
The two-headed ogre is lightly wounded.
The two-headed ogre hits you with a +0 giant spiked club!
* * * LOW HITPOINT WARNING * * *
The two-headed ogre hits you with a +0 giant club!!
You die... ▓▓▓▓▓▓▓▓▓▓▓▓▓▓▓▓▓▓▓▓▓▓▓▓ +.Dco.O@..[[[.).!'______ ▓▓▓▓▓▓▓▓▓▓▓▓▓▓▓▓▓▓▓▓▓▓▓▓

You could see a two-headed ogre, an orc warrior, an acid dragon and a centaur.

Vanquished Creatures
  A yak (D)
  A water moccasin (D)
  A centaur (D)
  An iguana (D)
  An adder (D)
  An orc (D)
  A bat (D)
  An endoplasm (D)
  A goblin (D)
  A jackal (D)
  2 quokkas (D)
12 creatures vanquished.

Notes
Turn   | Place    | Note
-------+----------+-------------------------------------------
     0 | D        | Heoruswealwe the Minotaur Fighter began the quest for the
                  | Orb.
     0 | D        | Reached XP level 1. HP: 19/19 MP: 0/0
     9 | D        | Reached skill level 3 in Polearms
    22 | D        | Reached skill level 4 in Polearms
    53 | D        | Noticed a water moccasin
    53 | D        | Noticed an iguana
    58 | D        | Killed an iguana
    59 | D        | Reached skill level 5 in Fighting
    59 | D        | Reached skill level 5 in Polearms
    59 | D        | Reached skill level 5 in Armour
    59 | D        | Reached XP level 2. HP: 26/29 MP: 1/1
    59 | D        | Reached XP level 3. HP: 32/36 MP: 2/2
    70 | D        | Killed a water moccasin
    71 | D        | Reached skill level 8 in Polearms
    71 | D        | Reached XP level 4. HP: 19/45 MP: 3/3
    73 | D        | Reached XP level 5. HP: 22/52 MP: 4/4
    79 | D        | Found a snail-covered altar of Cheibriados.
    79 | D        | Found a shadowy altar of Dithmenos.
    79 | D        | Found a white marble altar of Elyvilon.
    79 | D        | Found a blossoming altar of Fedhas.
    79 | D        | Found an opulent altar of Gozag.
    80 | D        | Found a hazy altar of Hepliaklqana.
    81 | D        | Found a viscous altar of Jiyva.
    82 | D        | Found an ancient bone altar of Kikubaaqudgha.
    83 | D        | Found a corrupted altar of Lugonu.
    84 | D        | Found a burning altar of Makhleb.
    85 | D        | Found a sparkling altar of Nemelex Xobeh.
    86 | D        | Found an iron altar of Okawaru.
    87 | D        | Found a stormy altar of Qazlal.
    88 | D        | Found a sacrificial altar of Ru.
    89 | D        | Found a shimmering blue altar of Sif Muna.
    90 | D        | Found a bloodstained altar of Trog.
    91 | D        | Found a hide-covered altar of Uskayaw.
    92 | D        | Found a radiant altar of Vehumet.
    93 | D        | Found an ornate altar of the Wu Jian Council.
    94 | D        | Found a shimmering altar of Xom.
    95 | D        | Found a basalt altar of Yredelemnul.
    96 | D        | Found a glowing silver altar of Zin.
    97 | D        | Found a glowing golden altar of the Shining One.
   121 | D        | Noticed an acid dragon
   121 | D        | Noticed a centaur
   121 | D        | Noticed an orc warrior
   121 | D        | Noticed a two-headed ogre
   121 | D        | Noticed a yak
   121 | D        | Noticed a centaur
   126 | D        | Killed a centaur
   127 | D        | Reached skill level 10 in Polearms
   140 | D        | Killed a yak
   141 | D        | Reached skill level 11 in Polearms
   141 | D        | Reached XP level 6. HP: 29/63 MP: 5/5
   142 | D        | Mangled by a two-headed ogre

Illustrated notes

Levels and vault maps discovered:
D:        linesprint [early_d, line_temple, items_1, d_10, items_2, lair_1,
          lair_end, items_3, orc_1, orc_end, items_4, d_15, swamp_1, shoals_1,
          snake_1, spider_1, d_20, vaults_1, items_5, swamp_end, shoals_end,
          snake_end, spider_end, vaults_end, d_27, items_6, zot_1, zot_end,
          crypt_end, forest_end, elf_end, slime_end, tomb_end, abyss_end,
          pan_hell_end]

Skill      XL: |  1  2  3  4  5 |
---------------+----------------+-----
Polearms       | 5 8 11 | 11.9
Fighting       | 5 6 7 9 |  9.1
Armour         | 5 6 7 9 |  9.1
Shields        | |  3.6

Action                     |  1- 3 |  4- 6 || total
---------------------------+-------+-------++-------
  Melee: Trident           |    33 |    22 ||    55
         Headbutt          |     5 |     4 ||     9
    Use: Potion            |     1 |       ||     1
 Armour: Scale mail        |    11 |     5 ||    16
  Dodge: Dodged            |    10 |    11 ||    21
  Block: Buckler           |     7 |     4 ||    11
